 Dungeon Crawl Stone Soup version 0.30-a0-937-ga0a21ad780 (webtiles) character file.

Game seed: 6839626617812628276

1047 Lobster4 the Magician (level 8, -2/56 HPs)
             Began as a Djinni Fire Elementalist on Mar 24, 2023.
             Slain by a black bear (6 damage)
             ... on level 5 of the Dungeon.
             The game lasted 00:14:40 (5367 turns).

Lobster4 the Magician (Djinni Fire Elementalist)    Turns: 5367, Time: 00:14:41

Health: -2/56      AC:  5    Str:  7    XL:     8   Next: 50%
Gold:   160        EV: 13    Int: 20    God:
                   SH:  0    Dex: 13

rFire   + + .      SeeInvis .    e - staff of conjuration
rCold   x . .      Faith    .    (no shield)
rNeg    . . .      Spirit   .    a - +0 robe
rPois   ∞          Reflect  .    (no helmet)
rElec   .          Rampage  .    l - +2 cloak
rCorr   +                        (no gloves)
Will    .....                    (boots unavailable)
Stlth   ++                       (no amulet)
HPRegen 0.29/turn                p - ring of resist corrosion
MPRegen 0.00/turn                (no ring)

@: flying
A: sickness immunity, fire resistance 2, cold vulnerability 1, float, innate
caster, HP casting, extra vitality 1
a: no special abilities


You were on level 5 of the Dungeon.
You visited 1 branch of the dungeon, and saw 5 of its levels.
You also visited: Sewer.

You collected 160 gold pieces.

Inventory:

Hand Weapons
 j - a +0 short sword
 n - a +0 sling
 y - a +2 short sword of protection
Missiles
 g - 45 stones
 s - 2 javelins
 v - 13 poisoned darts
 z - 3 boomerangs
 A - 2 curare-tipped darts
Armour
 a - a +0 robe (worn)
 l - a +2 cloak (worn)
 w - a +0 leather armour
Magical Staves
 e - a staff of conjuration (weapon)
Jewellery
 p - a ring of resist corrosion (left hand)
 E - a +6 ring of dexterity
Wands
 u - a wand of acid (4)
Scrolls
 i - 2 scrolls of poison
 k - a scroll of magic mapping
 m - a scroll of teleportation {unknown}
 o - 2 scrolls of immolation {unknown}
 q - 3 scrolls of brand weapon {unknown}
 r - 2 scrolls of butterflies {unknown}
 t - 2 scrolls of fear {unknown}
 C - a scroll of fog {unknown}
Potions
 b - a potion of ambrosia {unknown}
 c - a potion of mutation {unknown}
 d - a potion of brilliance
 f - a potion of haste
 h - 3 potions of curing
 x - a potion of lignification
 B - a potion of experience {unknown}
 D - 3 potions of resistance {unknown}


   Skills:
 + Level 3.4 Fighting
 - Level 2.0 Short Blades
 - Level 2.0 Staves
 + Level 3.4 Armour
 + Level 4.7 Dodging
 - Level 2.0 Stealth
 * Level 4.8 Spellcasting


You knew the following spells:

 Your Spells              Type           Power      Damage    Failure   Level
a - Foxfire               Conj/Fire      100%       2x1d9     1%          1
b - Scorch                Fire           48%        2d7       2%          2
c - Slow                  Hex            96%        N/A       1%          1
d - Flame Wave            Conj/Fire      36%        2d10      16%         4
e - Inner Flame           Hex/Fire       24%        N/A       4%          3
f - Call Canine Familiar  Summ           24%        N/A       4%          3
g - Call Imp              Summ           24%        N/A       2%          2
k - Kindle Blastsparks    Fire/Tloc/Air  48%        2d14      4%          3
Your spell library was empty.

Dungeon Overview and Level Annotations

Branches:
Dungeon (5/15)              Sewer (visited)
 Temple: D:4-7

Altars:
Fedhas
Okawaru


Innate Abilities, Weirdness & Mutations

You are immune to sickness and miasma.
You are immune to poison.
Your flesh is very heat resistant. (rF++)
You are vulnerable to cold. (rC-)
You float through the air rather than walking.
You learn spells naturally, not from books.
Your magical power is your life essence.
You have superior vitality. (+4 MHP)


Message History

Confirm with . or Enter, or press ? or * to list all spells.
You feel a surge of power!
You conjure some foxfire!
Unknown command.
Casting: Foxfire (safe; 1% risk of failure)
Confirm with . or Enter, or press ? or * to list all spells.
You feel a surge of power!
You conjure some foxfire!
The foxfire hits the black bear!
The black bear is moderately wounded.
The foxfire hits the gnoll!
The gnoll is heavily wounded.
Unknown command.
Casting: Foxfire (safe; 1% risk of failure)
Confirm with . or Enter, or press ? or * to list all spells.
Flames lash the black bear.
The black bear is moderately wounded.
The black bear's fire resistance burns away.
The foxfire hits the black bear!
The black bear is burned terribly!
The black bear is severely wounded.
The foxfire hits the black bear!
The black bear is burned terribly!
The black bear is almost dead.
The black bear goes berserk!
Unknown command.
Casting: Scorch (safe; 2% risk of failure)
Confirm with . or Enter, or press ? or * to list all spells.
Flames lash the gnoll.
The gnoll is severely wounded.
The gnoll's fire resistance burns away.
You hear a shout!
The black bear bites you! The black bear claws you.
* * * LOW HITPOINT WARNING * * *
The black bear claws you.
* * * LOW HITPOINT WARNING * * *
Unknown command.
Casting: Scorch (safe; 2% risk of failure)
Confirm with . or Enter, or press ? or * to list all spells.
Flames lash the gnoll.
The gnoll is burned terribly!
You kill the gnoll!
* * * LOW HITPOINT WARNING * * *
The black bear closely misses you. The black bear claws you.
You die...

*********,###......[.,,,,,* #
,,,,,>,,,,#.........#****,*
*****,*,,,,.........# *,* *
*,*,,,,P..§.....#####.#****** *
*,*,,P,PP...§.....))...,,,,,,
*****,,*,P_PP.###.....#**,*******
*,,,,,,,,,P)P.........###.#
,<*,,,,,,.PPP..h..........#
*,***,,.....).).@.....#####
,,,,,,,...#...........####
*,,,,,,.#..........#.....###
*******,#..............#...## #
,,,,,,*,#..............###..## #
*****,*,#.####.........# ##..####
,,,,*,*,#.* *.......#### ##...##
***,*,*,*,* #.......# ###...
*,*,*,*,***,......* ##..


You could see a black bear (berserk, combustible).

Vanquished Creatures
  A black bear (D:5)
  An ogre (D:5)
  A centaur (D:5)
  A phantom (D:4)
  3 kobold brigands (Sewer)
  A scorpion (D:4)
  2 sleepcaps
  An iguana (D:4)
  5 orc wizards
  2 gnolls (D:5)
  8 adders
  6 river rats
  5 worms
  4 dart slugs
  14 orcs
  7 bats
  8 endoplasms
  4 goblins
  2 hobgoblins
  4 jackals (Sewer)
  9 kobolds
  6 quokkas
  10 ball pythons
  7 frilled lizards
  10 rats
122 creatures vanquished.

Vanquished Creatures (collateral kills)
  26 foxfires
26 creatures vanquished.

Vanquished Creatures (others)
  445 foxfires
  6 plants (Sewer)
451 creatures vanquished.

Grand Total: 599 creatures vanquished

Notes
Turn   | Place    | Note
-------+----------+-------------------------------------------
     0 | D:1      | Lobster4 the Djinni Fire Elementalist began the quest for
                  | the Orb.
     0 | D:1      | Lobster4 set off with the following spells memorised:
                  | Foxfire, Scorch, Kindle Blastsparks, Inner Flame, Flame
                  | Wave.
     0 | D:1      | Reached XP level 1. HP: 15/15 MP: 0/0
   194 | D:1      | Reached XP level 2. HP: 13/21 MP: 0/0
   705 | D:1      | Reached XP level 3. HP: 24/26 MP: 0/0
   705 | D:1      | Learned a level 1 spell: Slow
  1456 | D:2      | Reached skill level 1 in Armour
  1456 | D:2      | Reached XP level 4. HP: 24/31 MP: 0/0
  1522 | D:2      | Reached skill level 1 in Fighting
  2235 | D:3      | Reached XP level 5. HP: 37/37 MP: 0/0
  2235 | D:3      | Learned a level 2 spell: Call Imp
  2623 | D:3      | Found an iron altar of Okawaru.
  2680 | D:3      | Found a faded altar of an unknown god.
  2680 | D:3      | Noticed a floating eye
  2687 | D:3      | Noticed an eye of devastation
  2691 | D:3      | Noticed a floating eye
  2694 | D:3      | Noticed a floating eye
  3386 | D:4      | Noticed a phantom
  3393 | D:4      | Killed a phantom
  3394 | D:4      | Reached skill level 1 in Short Blades
  3394 | D:4      | Reached XP level 6. HP: 36/43 MP: 0/0
  3732 | D:4      | Reached XP level 7. HP: 47/49 MP: 0/0
  3732 | D:4      | Learned a level 3 spell: Call Canine Familiar
  4209 | D:5      | Entered Level 5 of the Dungeon
  4257 | D:5      | Reached skill level 1 in Staves
  4393 | D:5      | Found a glowing drain.
  4397 | Sewer    | Entered a sewer
  4548 | Sewer    | Reached XP level 8. HP: 34/56 MP: 0/0
  5351 | D:5      | Found a blossoming altar of Fedhas.
  5367 | D:5      | Slain by a black bear

Illustrated notes

Levels and vault maps discovered:
D:1:      dpeg_arrival_round_b, layout_loops_cross
D:2:      layout_loops_corners, minmay_tetromino_t2
D:3:      layout_basic, mainiacjoe_overflow_brackets,
          hellmonk_ecumenical_altar_watching_god, wad_floor_pattern_untrapped,
          minmay_unequal
D:4:      layout_basic, patterned_corridor
D:5:      layout_basic, fedhas_bush_and_centaur_altar, gup_sewer_entry_spiral,
          amcnicky_mini_rare_corridor_liquid, kennysheep_opposing_triangles

Skill      XL: |  1  2  3  4  5  6  7  8 |
---------------+-------------------------+-----
Armour         | 1 2 3 |  3.4
Stealth        | 2 |  2.0
Fighting       | 1 2 3 |  3.4
Spellcasting   | 3 4 |  4.8
Dodging        | 3 4 |  4.7
Short Blades   | 1 2 |  2.0
Staves         | 1 2 |  2.0

Action                     |  1- 3 |  4- 6 |  7- 9 || total
---------------------------+-------+-------+-------++-------
  Melee: Staff             |       |       |     5 ||     5
   Cast: Foxfire           |    82 |   117 |    97 ||   296
         Scorch            |     3 |    19 |    37 ||    59
         Slow              |       |     3 |     1 ||     4
    Use: Scroll            |       |     6 |     4 ||    10
         Potion            |       |     1 |       ||     1
 Armour: Robe              |       |     9 |     2 ||    11
  Dodge: Dodged            |     4 |    18 |    10 ||    32

Table legend: (Time is in decaauts)
 A = Elapsed time spent in this place.
 B = Non-inter-level travel time spent in this place.
 C = Inter-level travel time spent in this place.
 D = Time resting spent in this place.
 E = Time spent auto-exploring this place.
 F = Levels seen in this place.
 G = Mean time per level.
                   A        B        C        D        E       F      G
               +--------+--------+--------+--------+--------+-----+--------+
         Total |   5364 |   5155 |    209 |    202 |   4150 |   6 |  894.0 |
       Dungeon |   4646 |   4437 |    209 |    122 |   3674 |   5 |  929.2 |
         Sewer |    717 |    717 |      0 |     80 |    476 |   1 |  717.0 |
               +--------+--------+--------+--------+--------+-----+--------+

Top non-repeatable levels by time:
     D:2: 1161 daAuts
     D:1: 1070 daAuts
     D:3: 989 daAuts
     D:4: 985 daAuts
   Sewer: 717 daAuts
     D:5: 440 daAuts
